ITL
TRENTON STARS @ ALLENTOWN HILLBILLIES
06/26/2028
 
TOP OF THE 1ST
Trenton Stars batting - Pitching for Allentown Hillbillies : RHP Claudio Segura
Pitching: RHP Claudio Segura
Batting: SHB Nick Marshall 0-0: SINGLE (Line Drive, 6D)
Batting: LHB Ju-wei Shiu 0-0: Called Strike
0-1: Ball
1-1: Swinging Strike
1-2: Strikes out swinging
Batting: LHB Ricardo Brandariz 0-0: Ball
Nick Marshall steals 2nd base
1-0: Ball
2-0: Foul Ball, location: 2F
2-1: Foul Ball, location: 2F
2-2: Foul Ball, location: 2F
2-2: Ball
3-2: Foul Ball, location: 2F
3-2: Strikes out swinging
Batting: RHB Randy Simons 0-0: Ball
1-0: Ball
2-0: Ball
3-0: Called Strike
3-1: SINGLE (Groundball, 56D)
Nick Marshall to third
Runner from 3rd tries for Home, SAFE, no throw
Batting: LHB Wes Stone 0-0: Ball
1-0: Swinging Strike
1-1: Ball
2-1: Ball
3-1: Base on Balls
Randy Simons to second
Batting: RHB Rafael Canales 0-0: Ball
1-0: Fly out, F8 (Line Drive, 8LD)
Top of the 1st over - 1 run(s), 2 hit(s), 0 error(s), 2 left on base; Trenton 1 - Allentown 0
BOTTOM OF THE 1ST
Allentown Hillbillies batting - Pitching for Trenton Stars : RHP Juan Aguilar
Pitching: RHP Juan Aguilar
Batting: LHB António Salazar 0-0: Ground out 5-3 (Groundball, 56S)
Batting: RHB Albert Lutz 0-0: Called Strike
0-1: Ball
1-1: SINGLE (Flyball, 8RS)
Batting: LHB John Hudson 0-0: Swinging Strike
0-1: Swinging Strike
0-2: Ball
1-2: Strikes out swinging
Albert Lutz is caught stealing 2nd base
Batter strikes out.
Bottom of the 1st over - 0 run(s), 1 hit(s), 0 error(s), 0 left on base; Trenton 1 - Allentown 0
TOP OF THE 2ND
Trenton Stars batting - Pitching for Allentown Hillbillies : RHP Claudio Segura
Batting: LHB Jeff Gordon 0-0: Ball
1-0: Ground out 4-3 (Groundball, 4)
Batting: RHB Gabriel Villegas 0-0: Called Strike
0-1: Called Strike
0-2: Ball
1-2: Foul Ball, location: 2F
1-2: Strikes out looking
Batting: RHB Kenji Murayama 0-0: Called Strike
0-1: Foul Ball, location: 2F
0-2: Strikes out swinging
Top of the 2nd over - 0 run(s), 0 hit(s), 0 error(s), 0 left on base; Trenton 1 - Allentown 0
BOTTOM OF THE 2ND
Allentown Hillbillies batting - Pitching for Trenton Stars : RHP Juan Aguilar
Batting: RHB Carl Brown 0-0: Foul Ball, location: 2F
0-1: Fly out, F4 (Popup, 4)
Batting: SHB Nate Rhodes 0-0: Ball
1-0: Foul Ball, location: 2F
1-1: Swinging Strike
1-2: Ball
2-2: Foul Ball, location: 2F
2-2: Foul Ball, location: 2F
2-2: Ball
3-2: Base on Balls
Batting: LHB Rafael Flores 0-0: Called Strike
0-1: Ball
1-1: Swinging Strike
1-2: Foul Ball, location: 2F
1-2: Foul Ball, location: 2F
1-2: Foul Ball, location: 2F
1-2: Ball
2-2: Ball
3-2: Strikes out swinging
Batting: RHB António Yánez 0-0: Ball
1-0: Called Strike
1-1: Called Strike
1-2: Fly out, F8 (Flyball, 89M)
Bottom of the 2nd over - 0 run(s), 0 hit(s), 0 error(s), 1 left on base; Trenton 1 - Allentown 0
TOP OF THE 3RD
Trenton Stars batting - Pitching for Allentown Hillbillies : RHP Claudio Segura
Batting: SHB Nick Marshall 0-0: Ball
1-0: Ball
2-0: Foul Ball, location: 2F
2-1: Ball
3-1: Base on Balls
Batting: LHB Ju-wei Shiu 0-0: Called Strike
0-1: Ball
1-1: Foul Ball, location: 2F
1-2: SINGLE (Line Drive, 34)
Nick Marshall to second
Runner from 2nd tries for 3rd, SAFE, no throw
Batting: LHB Ricardo Brandariz 0-0: Called Strike
0-1: Foul Ball, location: 2F
0-2: Foul Ball, location: 2F
0-2: Ball
1-2: SINGLE (Groundball, 4) (infield hit)
Nick Marshall scores
Ju-wei Shiu to second
Pinch Runner at 1st Alonzo Medine:
Batting: RHB Randy Simons 0-0: Called Strike
0-1: Swinging Strike
0-2: DOUBLE (Flyball, 89XD)
Ju-wei Shiu scores
Alonzo Medine to third
Batting: LHB Wes Stone 0-0: Called Strike
0-1: Swinging Strike
0-2: Ground out 4-3 (Groundball, 4)
Alonzo Medine scores
Randy Simons to third
Batting: RHB Rafael Canales 0-0: Foul Ball, location: 2F
0-1: Ball
1-1: Foul Ball, location: 2F
1-2: Ball
2-2: Ground out 6-3 (Groundball, 6MS)
Randy Simons scores
Batting: LHB Jeff Gordon 0-0: Ground out U3 (Groundball, 34)
Top of the 3rd over - 4 run(s), 3 hit(s), 0 error(s), 0 left on base; Trenton 5 - Allentown 0
BOTTOM OF THE 3RD
Allentown Hillbillies batting - Pitching for Trenton Stars : RHP Juan Aguilar
Now in LF: Alonzo Medine
Batting: RHB Dan Banks 0-0: Swinging Strike
0-1: Ball
1-1: Foul Ball, location: 2F
1-2: Ball
2-2: Strikes out swinging
Batting: RHB Von Ford 0-0: Swinging Strike
0-1: Ground out 6-3 (Groundball, 6)
Batting: LHB António Salazar 0-0: Ball
1-0: Called Strike
1-1: Ball
2-1: Ball
3-1: Base on Balls
Batting: RHB Albert Lutz 0-0: Ball
1-0: Called Strike
1-1: SINGLE (Line Drive, 8LS)
António Salazar to second
Batting: LHB John Hudson 0-0: Ground out 4-3 (Groundball, 4S)
Bottom of the 3rd over - 0 run(s), 1 hit(s), 0 error(s), 2 left on base; Trenton 5 - Allentown 0
TOP OF THE 4TH
Trenton Stars batting - Pitching for Allentown Hillbillies : RHP Claudio Segura
Batting: RHB Gabriel Villegas 0-0: Called Strike
0-1: Ball
1-1: Foul Ball, location: 2F
1-2: Ball
2-2: Ground out 1-3 (Groundball, 13)
Batting: RHB Kenji Murayama 0-0: Ball
1-0: Foul Ball, location: 2F
1-1: Ball
2-1: Foul Ball, location: 2F
2-2: Ground out 6-3 (Groundball, 6)
Batting: SHB Nick Marshall 0-0: Ball
1-0: Ball
2-0: SINGLE (Groundball, 6MD)
Batting: LHB Ju-wei Shiu 0-0: Fielders Choice at 2nd, 4-6 (Groundball, 34D)
Top of the 4th over - 0 run(s), 1 hit(s), 0 error(s), 0 left on base; Trenton 5 - Allentown 0
BOTTOM OF THE 4TH
Allentown Hillbillies batting - Pitching for Trenton Stars : RHP Juan Aguilar
Batting: RHB Carl Brown 0-0: Called Strike
0-1: SINGLE (Groundball, 3D)
Batting: SHB Nate Rhodes 0-0: Ball
1-0: Ball
2-0: Ball
3-0: Called Strike
3-1: Fly out, F9 (Flyball, 89M)
Batting: LHB Rafael Flores 0-0: Ball
1-0: Swinging Strike
1-1: Hit by Pitch
Carl Brown to second
Batting: RHB António Yánez 0-0: Grounds into double play, 6-4-3 (Groundball, 6)
Bottom of the 4th over - 0 run(s), 1 hit(s), 0 error(s), 1 left on base; Trenton 5 - Allentown 0
TOP OF THE 5TH
Trenton Stars batting - Pitching for Allentown Hillbillies : RHP Claudio Segura
Pitching: LHP Nick Merrit
Batting: LHB Alonzo Medine 0-0: Ball
1-0: Swinging Strike
1-1: Foul Ball, location: 2F
1-2: Fly out, F8 (Flyball, 8LS)
Batting: RHB Randy Simons 0-0: Foul Ball, location: 2F
0-1: Swinging Strike
0-2: Ball
1-2: Strikes out looking
Batting: LHB Wes Stone 0-0: Ball
1-0: Ball
2-0: Called Strike
2-1: Ball
3-1: Base on Balls
Batting: RHB Rafael Canales 0-0: Ball
1-0: Called Strike
1-1: Ball
2-1: Swinging Strike
2-2: Ball
3-2: Base on Balls
Wes Stone to second
Batting: LHB Jeff Gordon 0-0: Ball
1-0: Ball
Wild Pitch!
Wes Stone to third
Rafael Canales to second
2-0: Ball
Passed Ball!
Wes Stone scores
Rafael Canales to third
3-0: Called Strike
3-1: Base on Balls
Batting: RHB Gabriel Villegas 0-0: Ball
1-0: Ball
2-0: Foul Ball, location: 2F
2-1: Ball
3-1: Swinging Strike
3-2: Ground out 5-3 (Groundball, 5)
Top of the 5th over - 1 run(s), 0 hit(s), 0 error(s), 2 left on base; Trenton 6 - Allentown 0
BOTTOM OF THE 5TH
Allentown Hillbillies batting - Pitching for Trenton Stars : RHP Juan Aguilar
Batting: RHB Dan Banks 0-0: Ball
1-0: Ball
2-0: Called Strike
2-1: SINGLE (Line Drive, 6)
Batting: RHB Von Ford 0-0: Ball
1-0: SINGLE (Groundball, 4MD)
Dan Banks to second
Batting: LHB António Salazar 0-0: Called Strike
0-1: Ball
1-1: Foul Ball, location: 2F
1-2: Ball
2-2: SINGLE (Groundball, 34D)
Dan Banks to third
Von Ford to second
Batting: RHB Albert Lutz 0-0: Fielders Choice at 2nd, 5-4 (Groundball, 5)
Dan Banks scores
Von Ford to third
Batting: LHB John Hudson 0-0: Ball
1-0: Called Strike
1-1: Fly out, F8 (Flyball, 78M)
Runner from 3rd tags up, SCORES, no throw
Batting: RHB Carl Brown 0-0: Ball
1-0: Foul Ball, location: 2F
1-1: Foul Ball, location: 2F
1-2: Ball
Pickoff Throw to First - Out!
Bottom of the 5th over - 2 run(s), 3 hit(s), 0 error(s), 0 left on base; Trenton 6 - Allentown 2
TOP OF THE 6TH
Trenton Stars batting - Pitching for Allentown Hillbillies : LHP Nick Merrit
Batting: RHB Kenji Murayama 0-0: Called Strike
0-1: Ball
1-1: Foul Ball, location: 2F
1-2: Hit by Pitch
Batting: SHB Nick Marshall 0-0: SINGLE (Flyball, 9LM)
Kenji Murayama to second
Runner from 2nd tries for 3rd, SAFE, throw made to third
Batting: LHB Ju-wei Shiu 0-0: Called Strike
0-1: Ball
1-1: Ball
2-1: Ball
3-1: Swinging Strike
3-2: Fly out, F6 (Line Drive, 6)
Pitching: RHP Jorge Ruíz
Batting: LHB Alonzo Medine 0-0: Called Strike
0-1: Called Strike
0-2: Ball
1-2: Strikes out swinging
Batting: RHB Randy Simons 0-0: Ball
Nick Marshall steals 2nd base
1-0: Ground out 6-3 (Groundball, 6M)
Top of the 6th over - 0 run(s), 1 hit(s), 0 error(s), 2 left on base; Trenton 6 - Allentown 2
BOTTOM OF THE 6TH
Allentown Hillbillies batting - Pitching for Trenton Stars : RHP Juan Aguilar
Batting: RHB Carl Brown 0-0: Called Strike
0-1: Fly out, F6 (Line Drive, 6)
Batting: SHB Nate Rhodes 0-0: Called Strike
0-1: Foul Ball, location: 2F
0-2: SOLO HOME RUN (Line Drive, 89XD), Distance : 410 ft
Batting: LHB Rafael Flores 0-0: Called Strike
0-1: Fly out, F7 (Flyball, 7S)
Batting: RHB António Yánez 0-0: Ball
1-0: Foul Ball, location: 2F
1-1: Foul Ball, location: 2F
1-2: Ball
2-2: Ball
3-2: Fly out, F8 (Flyball, 8RM)
Bottom of the 6th over - 1 run(s), 1 hit(s), 0 error(s), 0 left on base; Trenton 6 - Allentown 3
TOP OF THE 7TH
Trenton Stars batting - Pitching for Allentown Hillbillies : RHP Jorge Ruíz
Batting: LHB Wes Stone 0-0: Called Strike
0-1: Foul Ball, location: 2F
0-2: Fly out, F8 (Flyball, 8LM)
Batting: RHB Rafael Canales 0-0: Foul Ball, location: 2F
0-1: Foul Ball, location: 2F
0-2: Ball
1-2: Ball
2-2: Ground out 6-3 (Groundball, 6MS)
Batting: LHB Jeff Gordon 0-0: Swinging Strike
0-1: SOLO HOME RUN (Flyball, 9D), Distance : 370 ft
Batting: RHB Gabriel Villegas 0-0: Called Strike
0-1: Swinging Strike
0-2: Strikes out looking
Top of the 7th over - 1 run(s), 1 hit(s), 0 error(s), 0 left on base; Trenton 7 - Allentown 3
BOTTOM OF THE 7TH
Allentown Hillbillies batting - Pitching for Trenton Stars : RHP Juan Aguilar
Pitching: LHP José Alaniz
Batting: RHB Dan Banks 0-0: Called Strike
0-1: Ball
1-1: Fly out, F7 (Flyball, 7S)
Batting: RHB Von Ford 0-0: Called Strike
0-1: Ball
1-1: Fly out, F8 (Flyball, 78M)
Batting: LHB António Salazar 0-0: Ball
1-0: Ball
2-0: Ground out 4-3 (Groundball, 4)
Bottom of the 7th over - 0 run(s), 0 hit(s), 0 error(s), 0 left on base; Trenton 7 - Allentown 3
TOP OF THE 8TH
Trenton Stars batting - Pitching for Allentown Hillbillies : RHP Jorge Ruíz
Batting: RHB Kenji Murayama 0-0: Called Strike
0-1: DOUBLE (Flyball, 8LXD)
Batting: SHB Nick Marshall 0-0: SINGLE (Line Drive, 56D)
Kenji Murayama to third
Batting: LHB Ju-wei Shiu 0-0: Ball
1-0: Ground out 6-3 (Groundball, 6MS)
Kenji Murayama scores
Nick Marshall to second
Pitching: RHP Pepe Fernández
Batting: LHB Alonzo Medine 0-0: Ground out 4-3 (Groundball, 34D)
Nick Marshall to third
Batting: RHB Randy Simons 0-0: Ball
1-0: Ball
2-0: Ball
3-0: Called Strike
3-1: Base on Balls
Batting: LHB Wes Stone 0-0: Ball
1-0: Fielders Choice at 2nd, 6-4 (Groundball, 6)
Top of the 8th over - 1 run(s), 2 hit(s), 0 error(s), 1 left on base; Trenton 8 - Allentown 3
BOTTOM OF THE 8TH
Allentown Hillbillies batting - Pitching for Trenton Stars : LHP José Alaniz
Batting: RHB Albert Lutz 0-0: Ball
1-0: Ball
2-0: Ball
3-0: Called Strike
3-1: Foul Ball, location: 2F
3-2: Foul Ball, location: 2F
3-2: Ground out 4-3 (Groundball, 4)
Batting: LHB John Hudson 0-0: Foul Ball, location: 2F
0-1: Ball
1-1: Called Strike
1-2: Ball
2-2: Ball
3-2: Base on Balls
Batting: RHB Carl Brown 0-0: Grounds into double play, 6-4-3 (Groundball, 6)
Bottom of the 8th over - 0 run(s), 0 hit(s), 0 error(s), 0 left on base; Trenton 8 - Allentown 3
TOP OF THE 9TH
Trenton Stars batting - Pitching for Allentown Hillbillies : RHP Pepe Fernández
Batting: RHB Rafael Canales 0-0: Swinging Strike
0-1: Swinging Strike
0-2: Ball
1-2: Ground out 6-3 (Groundball, 6)
Batting: LHB Jeff Gordon 0-0: Foul Ball, location: 2F
0-1: Swinging Strike
0-2: Ball
1-2: Ball
2-2: Strikes out swinging
Batting: RHB Gabriel Villegas 0-0: Ground out 6-3 (Groundball, 6)
Top of the 9th over - 0 run(s), 0 hit(s), 0 error(s), 0 left on base; Trenton 8 - Allentown 3
BOTTOM OF THE 9TH
Allentown Hillbillies batting - Pitching for Trenton Stars : LHP José Alaniz
Now at 1B: Joe Fisher
Batting: SHB Nate Rhodes 0-0: Ball
1-0: Foul Ball, location: 2F
1-1: Ball
2-1: Ball
3-1: Ground out 4-3 (Groundball, 4)
Batting: LHB Rafael Flores 0-0: Called Strike
0-1: Ball
1-1: DOUBLE (Line Drive, 7LS)
Batting: RHB António Yánez 0-0: Ball
1-0: Ground out 5-3 (Groundball, 5S)
Rafael Flores to third
Batting: RHB Dan Banks 0-0: Ball
1-0: Foul Ball, location: 2F
1-1: Ball
2-1: Called Strike
2-2: Ball
3-2: Base on Balls
Batting: RHB Von Ford 0-0: Ball
1-0: Ball
2-0: Ball
3-0: Foul Ball, location: 2F
3-1: Called Strike
3-2: Base on Balls
Dan Banks to second
Pitching: RHP Gilberto Martínez
Batting: LHB António Salazar 0-0: Ball
1-0: Ball
2-0: Called Strike
2-1: Ball
3-1: Foul Ball, location: 2F
3-2: Base on Balls
Rafael Flores scores
Dan Banks to third
Von Ford to second
Batting: RHB Albert Lutz 0-0: Foul Ball, location: 2F
0-1: SINGLE (Line Drive, 34)
Dan Banks scores
Von Ford to third
António Salazar to second
Batting: LHB John Hudson 0-0: SINGLE (Groundball, 34D)
Von Ford scores
António Salazar to third
Albert Lutz to second
Runner from 3rd tries for Home, SAFE, no throw
Batting: RHB Carl Brown 0-0: Called Strike
0-1: Foul Ball, location: 2F
0-2: Ball
1-2: Strikes out swinging
Bottom of the 9th over - 4 run(s), 3 hit(s), 0 error(s), 2 left on base; Trenton 8 - Allentown 7
Tuesday, August 8th, 2017 - OOTP Baseball 17.12 Build 75